Map: Blackpink LE

Players

CinDra - Winner!

  • Race: Zerg Zerg
  • League: Gold
  • Spawn Location: 7:00

JuanRicoST

  • Race: Terran Terran
  • League: Diamond
  • Spawn Location: 1:00

VOD

Have the link to the VOD?

Description

Time

  • Played on: March 14, 2018, 3:15 p.m.
  • Length: 4:23
Show
View Real Time Build Order
Export as new Build Order

CinDra Zerg - Winner!

Build Orders: Pool First 

Get SALT Encoding   

  12  0:01  Drone  
  13  0:12  Overlord  
  13  0:20  Drone  
  14  0:32  Drone x2  
  14  0:35  Drone  
  17  0:39  Extractor  
  16  0:45  Drone  
  17  0:51  Spawning Pool  
  17  0:56  Drone  
  17  1:20  Hatchery  
  17  1:21  Drone  
  17  1:28  Drone  
  19  1:32  Drone  
  19  1:40  Zergling x2  
  19  1:43  Queen  
  22  1:51  Overlord  
  22  1:58  Metabolic Boost  
  22  2:09  Roach Warren  
  22  2:12  Zergling x2  
  22  2:20  Drone  
  23  2:33  Overlord  
  23  2:34  Overlord  
  23  2:52  Roach x3  
  23  2:53  Roach  
  31  2:59  Roach  
  31  3:01  Roach  
  35  3:06  Roach  
  35  3:12  Roach  
  39  3:19  Roach  
  41  3:20  Zergling x2  
  42  3:27  Overlord  
  42  3:30  Zergling x2  
  43  3:35  Zergling x2  
  43  3:50  Zergling x2  
  43  3:51  Zergling x6  
Show
View Real Time Build Order
Export as new Build Order

JuanRicoST Terran 

Build Orders: Reaper Expand 

Get SALT Encoding   

  12  0:00  SCV  
  13  0:13  SCV  
  14  0:17  Supply Depot  
  14  0:25  SCV  
  15  0:39  SCV  
  15  0:41  Barracks  
  16  0:47  Refinery  
  16  0:52  SCV  
  17  1:04  SCV  
  18  1:16  SCV  
  19  1:28  Orbital Command  
  19  1:30  Reaper  
  20  1:41  Command Center  
  20  1:52  Refinery  
  20  1:54  SCV  
  20  2:00  Supply Depot  
  21  2:04  Barracks Reactor  
  21  2:06  SCV  
  22  2:21  SCV  
  23  2:24  Factory  
  23  2:33  SCV  
  24  2:45  Marine, SCV  
  24  2:46  Marine  
  27  2:57  Orbital Command  
  27  3:01  Barracks  
  27  3:06  Barracks  
  27  3:16  Barracks Reactor, SCV  
  27  3:19  Hellion x2  
  32  3:28  SCV x2  
  34  3:40  SCV  
  35  3:45  Starport  
  35  3:52  Barracks Reactor  
  35  3:53  Barracks Tech Lab  
Tags
 
Add a new tag
Caveats
  • Supply blocks, unpowered buildings, or Contaminate may cause inaccurate times.
  • Supply counts are checked every 10 seconds.